Map: Shrines of Lizul

Players

BigMac

  • Race: Terran Terran
  • League: Diamond
  • Spawn Location: 6:00

ĀĘŖŐ

  • Race: Terran Terran
  • Spawn Location: 9:00

Lex - Winner!

  • Race: Zerg Zerg
  • Spawn Location: 12:00

PureLegacy - Winner!

  • Race: Terran Terran
  • Spawn Location: 3:00

VOD

Have the link to the VOD?

Description

Time

  • Played on: Dec. 1, 2018, 9:48 p.m.
  • Length: 4:28
Show
View Real Time Build Order
Export as new Build Order

BigMac Terran 

Build Orders:  

Get SALT Encoding   

  12  0:00  SCV  
  13  0:13  SCV  
  14  0:19  Supply Depot  
  14  0:25  SCV  
  15  0:30  Refinery  
  15  0:40  SCV  
  16  0:46  Barracks  
  16  0:52  SCV  
  17  1:04  SCV  
  18  1:16  SCV  
  19  1:36  Orbital Command  
  19  1:37  Reaper  
  20  1:45  Barracks  
  20  1:49  Factory  
  20  1:59  Supply Depot  
  20  2:02  SCV  
  21  2:09  Marine  
  21  2:14  SCV  
  23  2:20  Refinery  
  22  2:27  Marine  
  23  2:34  Marine  
  23  2:36  Hellion  
  23  2:45  Marine  
  22  2:51  Marine  
  19  3:02  Marine  
  19  3:06  SCV  
  19  3:09  Marine  
  21  3:16  Hellion  
  23  3:20  Marine  
  23  3:23  SCV  
  25  3:27  Marine  
  21  3:37  Hellion  
  21  3:41  Marine  
  23  3:46  SCV  
  21  3:57  Marine  
  21  3:59  Marine, SCV  
  23  4:04  Hellion  
  22  4:12  Starport  
Show
View Real Time Build Order
Export as new Build Order

ĀĘŖŐ Terran 

Build Orders: Liberator Opening 

Get SALT Encoding   

  12  0:01  SCV  
  13  0:13  SCV  
  14  0:18  Supply Depot  
  14  0:25  SCV  
  15  0:40  SCV  
  15  0:41  Barracks  
  16  0:45  Refinery  
  16  0:52  SCV  
  17  1:05  SCV  
  18  1:13  Refinery  
  18  1:17  SCV  
  19  1:28  Marine  
  19  1:30  Orbital Command  
  20  1:37  Supply Depot  
  20  1:44  Factory  
  20  1:46  Marine  
  21  1:57  SCV  
  22  2:04  Marine  
  23  2:09  SCV  
  24  2:19  Supply Depot  
  24  2:21  SCV  
  25  2:26  Marine  
  26  2:30  Starport  
  26  2:31  Factory Tech Lab  
  26  2:35  SCV  
  27  2:44  Marine  
  27  2:47  SCV  
  27  2:50  Liberator, Siege Tank  
  32  2:55  Supply Depot  
  32  3:05  SCV  
  33  3:11  Marine  
  37  3:22  Siege Tank  
  37  3:29  Marine  
  37  3:35  SCV  
  33  3:47  Marine  
  22  4:01  SCV  
Show
View Real Time Build Order
Export as new Build Order

Lex Zerg - Winner!

Build Orders: Hatch First 

Get SALT Encoding   

  12  0:01  Drone  
  13  0:13  Overlord  
  13  0:18  Drone  
  14  0:31  Drone  
  14  0:32  Drone  
  16  0:35  Drone  
  17  0:54  Drone  
  18  0:57  Hatchery  
  18  1:00  Drone  
  18  1:04  Extractor  
  17  1:17  Spawning Pool  
  16  1:18  Drone  
  17  1:31  Drone x2  
  19  1:49  Overlord  
  19  2:04  Queen  
  19  2:06  Zergling x2  
  19  2:07  Zergling x2  
  23  2:10  Queen  
  23  2:12  Metabolic Boost  
  25  2:32  Overlord  
  25  2:33  Zergling x6  
  28  2:40  Queen  
  30  2:48  Queen  
  32  2:57  Drone x5  
  37  3:11  Zergling x6  
  39  3:28  Zergling x2  
  39  3:29  Zergling x2  
  41  3:40  Zergling x6  
  43  3:54  Drone  
  43  3:59  Spore Crawler x2  
  38  4:07  Overlord  
  38  4:08  Drone x3  
Show
View Real Time Build Order
Export as new Build Order

PureLegacy Terran - Winner!

Build Orders:  

Get SALT Encoding   

  12  0:02  SCV  
  13  0:14  SCV  
  14  0:18  Supply Depot  
  14  0:27  SCV  
  15  0:30  Refinery  
  15  0:39  SCV  
  16  0:47  Barracks  
  16  0:51  SCV  
  17  1:04  Barracks  
  17  1:19  Barracks  
  17  1:23  SCV  
  18  1:35  Reaper  
  19  1:43  Orbital Command  
  19  1:50  Refinery  
  19  1:52  Reaper  
  20  2:02  Supply Depot  
  20  2:06  Reaper  
  21  2:11  Reaper  
  22  2:24  Reaper, SCV  
  22  2:26  Supply Depot  
  24  2:36  SCV  
  25  2:38  Reaper  
  25  2:43  Reaper  
  27  2:56  Reaper  
  28  3:04  SCV  
  28  3:10  Reaper  
  28  3:12  Command Center  
  29  3:18  Reaper  
  29  3:19  SCV  
  31  3:33  SCV  
  31  3:34  Supply Depot  
  30  3:42  Barracks Reactor  
  30  3:43  Barracks Tech Lab  
  29  4:01  Barracks Reactor  
  29  4:02  SCV  
  30  4:03  Marine  
  30  4:05  Factory  
  31  4:14  SCV  
Tags
 
Add a new tag
Caveats
  • Supply blocks, unpowered buildings, or Contaminate may cause inaccurate times.
  • Supply counts are checked every 10 seconds.